 Dungeon Crawl Stone Soup version 0.32-a0-607-g64ea0e4219 (webtiles) character file.

Game seed: 8023570542061521906

60 Sobieck the Digger (level 3, 0/26 HPs)
             Began as a Mountain Dwarf Earth Elementalist on Mar 3, 2024.
             Slain by Crazy Yiuf
             ... wielding a +2 quarterstaff of chaos
              (4 damage)
             ... on level 2 of the Dungeon.
             The game lasted 00:02:00 (1597 turns).

Sobieck the Digger (MDEE)                           Turns: 1597, Time: 00:02:01

Health: 0/26       AC:  2    Str: 10    XL:     3   Next: 80%
Magic:  1/6        EV:  6    Int: 17    God:
Gold:   204        SH:  0    Dex: 10    Spells: 5/6 levels left

rFire   . . .        k - +0 whip (flame)
rCold   . . .        (no shield)
rNeg    . . .        a - +0 robe
rPois   .            (no helmet)
rElec   .            (no cloak)
rCorr   .            (no gloves)
SInv    .            (no boots)
Will    .....        (no amulet)
Stlth   ++           (no ring)
HPRegen 0.24/turn    (no ring)
MPRegen 0.10/turn

%: no passive effects
@: petrifying, very slightly contaminated, very slow
A: runic magic, artefact enchanting
a: no special abilities


You were on level 2 of the Dungeon.
You visited 1 branch of the dungeon, and saw 2 of its levels.

You collected 204 gold pieces.

Inventory:

Hand Weapons
 e - a +0 dagger of holy wrath
 k - a +0 whip of flaming (weapon)
Armour
 a - a +0 robe (worn)
 n - a scarf of invisibility
Scrolls
 c - 2 scrolls of teleportation {unknown}
 d - a scroll of enchant weapon {unknown}
 g - 2 scrolls of identify {unknown}
 i - a scroll of fear {unknown}
 l - 2 scrolls of poison {unknown}
 m - a scroll of acquirement {unknown}
Potions
 b - a potion of magic
 f - a potion of degeneration {unknown}
 h - a potion of ambrosia {unknown}
 j - a potion of heal wounds {unknown}
 o - a potion of curing {unknown}
 p - a potion of invisibility {unknown}
 q - a potion of might {unknown}


   Skills:
 - Level 1.3 Dodging
 - Level 1.4 Stealth
 + Level 2.4 Spellcasting
 - Level 0.8 Conjurations
 * Level 4.7 Earth Magic


You had 5 spell levels left.
You knew the following spells:

 Your Spells              Type           Power      Damage    Failure   Level
a - Sandblast             Erth           36%        2d10      2%          1

Your spell library contained the following spells:

 Spells                   Type           Power      Damage    Failure   Level
 Passwall                 Erth           18%        N/A       8%          3
 Stone Arrow              Conj/Erth      22%        3d8       19%         3
 Brom's Barrelling Bould  Conj/Erth      11%        2d3       52%         4
 Petrify                  Alch/Erth      10%        N/A       56%         4


Dungeon Overview and Level Annotations

Branches:
Dungeon (2/15)

Altars:
Nemelex Xobeh

Annotations:
D:2 Crazy Yiuf


Innate Abilities, Weirdness & Mutations

Your spellcasting is much less encumbered by armour.
You can use scrolls of enchantment on lesser artefacts.


Message History

Press: ? - help, v - describe, . - travel, g - get item
Here: Crazy Yiuf, wielding a +2 quarterstaff of chaos and wearing a +1 cloak of willpower (wandering, hasn't noticed you, fire blocked by a runed translucent door) Item here: a hammer.
The floor.
You open the door.
Danger!
Unknown command.
Unknown command.
Unknown command.
The blast of sand hits Crazy Yiuf.
Crazy Yiuf is moderately wounded.
Unknown command.
Unknown command.
You miscast Sandblast.
You are very lightly contaminated with residual magic.
Nothing appears to happen.
Unknown command.
Unknown command.
Casting: Sandblast (safe; 2% risk of failure)
Confirm with . or Enter, or press ? or * to list all spells.
Aiming: Sandblast (safe; 2% risk of failure)
Press: ? - help, Shift-Dir - straight line, f/p - Crazy Yiuf
Aim: Crazy Yiuf, wielding a +2 quarterstaff of chaos and wearing a +1 cloak of willpower (moderately wounded, 84% to hit)
The blast of sand hits Crazy Yiuf!
Crazy Yiuf is severely wounded.
Crazy Yiuf closely misses you.
Casting: Sandblast (safe; 2% risk of failure)
Confirm with . or Enter, or press ? or * to list all spells.
Aiming: Sandblast (safe; 2% risk of failure)
Press: ? - help, Shift-Dir - straight line, f/p - Crazy Yiuf
Aim: Crazy Yiuf, wielding a +2 quarterstaff of chaos and wearing a +1 cloak of willpower (severely wounded, 84% to hit)
The blast of sand hits Crazy Yiuf.
Crazy Yiuf is almost dead.
Crazy Yiuf closely misses you.
Casting: Sandblast (safe; 2% risk of failure)
Confirm with . or Enter, or press ? or * to list all spells.
Aiming: Sandblast (safe; 2% risk of failure)
Press: ? - help, Shift-Dir - straight line, f/p - Crazy Yiuf
Aim: Crazy Yiuf, wielding a +2 quarterstaff of chaos and wearing a +1 cloak of willpower (almost dead, 84% to hit)
The blast of sand hits Crazy Yiuf but does no damage.
Crazy Yiuf is almost dead.
Crazy Yiuf hits you with a +2 quarterstaff of chaos!
Ouch! That really hurt!
* * * LOW HITPOINT WARNING * * *
You are slowing down.
Crazy Yiuf glowers.
Crazy Yiuf hits you with a +2 quarterstaff of chaos!
* * * LOW HITPOINT WARNING * * *
Crazy Yiuf burns you.
You die...

###.#
#.##..................
....###
###########...#.#.#.#.
......### #..........#
........# #####
######..#### ......#.#
#..)# #......
......#.# #...#
###.### ......#.# ...
###### #.# #
......#.#### #g#
#....# #.# #
......#....# ♣♣@♣
####.# #.# #
......#.#.## ♣.♣♣ #.#
#.# # ......###.# ♣♣.♣
#.###.# # ......##..#
♣.♣♣ ####.....# #
#.##.....## ♣♣.♣♣
#........###
)..#....## ♣...♣♣
#........... #.......#
♣....♣ #........###
...#....# #....#
#........# ..##....#
#....####........#


You could see Crazy Yiuf.

Vanquished Creatures
  Jessica (D:2)
  An adder (D:2)
  5 bats
  2 endoplasms (D:1)
  A giant cockroach (D:1)
  4 goblins
  2 hobgoblins (D:2)
  A ball python (D:2)
  2 frilled lizards
  3 kobolds (D:1)
  3 rats
25 creatures vanquished.

Notes
Turn   | Place    | Note
-------+----------+-------------------------------------------
     0 | D:1      | Sobieck the Mountain Dwarf Earth Elementalist began the
                  | quest for the Orb.
     0 | D:1      | Reached XP level 1. HP: 14/14 MP: 3/3
   237 | D:1      | Reached XP level 2. HP: 17/20 MP: 0/5
   779 | D:2      | Reached skill level 4 in Earth Magic
  1031 | D:2      | Found a runed translucent door.
  1032 | D:2      | Noticed Crazy Yiuf
  1239 | D:2      | Reached XP level 3. HP: 26/26 MP: 2/6
  1277 | D:2      | Noticed Jessica
  1280 | D:2      | Killed Jessica
  1385 | D:2      | Found a sparkling altar of Nemelex Xobeh.
  1597 | D:2      | Slain by Crazy Yiuf

Illustrated notes

Levels and vault maps discovered:
D:1:      saegor_arrival_simple_d, layout_basic
D:2:      layout_basic, basic_altar, hex_medium, uniq_jessica,
          uniq_crazy_yiuf_cottage

Skill      XL: |  1  2 |
---------------+-------+-----
Spellcasting   | 2 |  2.4
Earth Magic    | 4 |  4.7
Dodging        | |  1.3
Stealth        | |  1.4
Conjurations   | |  0.8

Action                     || total
---------------------------++-------
  Melee: Unarmed           ||     1
         Dagger            ||     4
   Cast: Sandblast         ||    37
 Armour: Robe              ||     8
  Dodge: Dodged            ||     7

Table legend: (Time is in decaauts)
 A = Elapsed time spent in this place.
 B = Non-inter-level travel time spent in this place.
 C = Inter-level travel time spent in this place.
 D = Time resting spent in this place.
 E = Time spent auto-exploring this place.
 F = Levels seen in this place.
 G = Mean time per level.
                   A        B        C        D        E       F      G
               +--------+--------+--------+--------+--------+-----+--------+
         Total |   1618 |   1587 |     31 |     21 |   1409 |   2 |  809.0 |
       Dungeon |   1618 |   1587 |     31 |     21 |   1409 |   2 |  809.0 |
               +--------+--------+--------+--------+--------+-----+--------+

Top non-repeatable levels by time:
     D:2: 838 daAuts
     D:1: 780 daAuts
